 Dungeon Sprint DCSS version 0.29-a0-72-g1732ff48e7 (webtiles) character file.

Game seed: 408140243817441783

477057 iguanaiguana the End of an Era (level 19, 207/207 HPs)
             Began as a Hill Orc Fighter on Feb 4, 2022.
             Was the Champion of Qazlal.
             Escaped with the Orb!
             The game lasted 00:39:01 (4503 turns).

iguanaiguana the End of an Era (Hill Orc Fighter)   Turns: 4503, Time: 00:39:01

Health: 207/207    AC: 46    Str: 29    XL:     19   Next: 64%
Magic:  45/45      EV:  3    Int:  8    God:    Qazlal [******]
Gold:   0          SH: 43    Dex: 10    Spells: 72/72 levels left

rFire   + + +      SeeInvis +   J - +14 obsidian axe {vorpal, Mesm Drain Fly SInv}
rCold   + + +      Faith    .   K - +18 shield of the Gong {rElec rN+ Will+ EV-5}
rNeg    + + +      Spirit   .   k - +9 gold dragon scales
rPois   +          Reflect  .   N - +0 helmet {SInv}
rElec   +          Harm     .   x - scarf {rC+ rF+}
rCorr   .          Rampage  .   M - +2 pair of gloves {Stlth+}
Will    +++++      Clarity  +   W - +2 pair of boots {Fly}
Stlth   .......... NoTele   +   q - amulet of the Four Winds {rN+ Will+++ Clar}
HPRegen 0.44/turn               O - ring "Joxaumec" {rF+ Will+ Int+2}
MPRegen 0.29/turn               H - ring "Fugh" {rC+ rN+ Will+ Str+2}

@: flying, studying 6 skills, repel missiles
A: dopey 1, low MP 1
0: Orb of Zot
a: Renounce Religion, Upheaval, Elemental Force, Disaster Area


You escaped.
You worshipped Qazlal.
Qazlal was exalted by your worship.
You visited 1 branch

Inventory:

Hand Weapons
 J - the +14 obsidian axe (weapon) {vorpal, Mesm Drain Fly SInv}
   (You found it in the Dungeon)

   It inflicts extra damage upon your enemies.
   It occasionally summons demons to assist the wielder when it strikes in
   combat.
   Its wielder is mesmerised by any visible foes.
   It cannot be unequipped while any foes are visible.
   SInv:      It lets you see invisible.
   Fly:       It grants you flight.
   Drain:     It drains your maximum health when unequipped.
Armour
 k - +9 gold dragon scales (worn)
 n - a +3 tower shield
 x - a scarf of resistance (worn)
 K - the +18 shield of the Gong (worn) {rElec rN+ Will+ EV-5}
   (You found it in the Dungeon)

   It is deafeningly noisy when blocking attacks.
   EV:        It affects your evasion (-5).
   rElec:     It insulates you from electricity.
   rN:        It protects you from negative energy.
   Will:      It increases your willpower.
 L - the +15 Maxwell's patent armour {-Cast -Tele rElec Will+ rCorr}
   (You found it in the Dungeon)

   rElec:     It insulates you from electricity.
   -Cast:     It prevents spellcasting.
   -Tele:     It prevents most forms of teleportation.
   rCorr:     It protects you from acid and corrosion.
   Will:      It increases your willpower.
 M - a +2 pair of gloves of stealth (worn)
 N - a +0 helmet of see invisible (worn)
 S - the +0 cloak of Tomorrow {rC+ Str-3 Slay+5}
   (You found it in the Dungeon)

   Str:       It affects your strength (-3).
   Slay:      It affects your accuracy & damage with ranged weapons and melee
   (+5).
   rC:        It protects you from cold.
 W - a +2 pair of boots of flying (worn)
Jewellery
 c - the ring "Cedi" {Will+ rCorr Str-4 Slay+5 Stlth+}
   (You took it off a vampire knight in the Dungeon)

   [ring of willpower]

   Str:       It affects your strength (-4).
   Slay:      It affects your accuracy & damage with ranged weapons and melee
   (+5).
   rCorr:     It protects you from acid and corrosion.
   Will:      It increases your willpower.
   Stlth:     It makes you more stealthy.
 l - the amulet "Sobawn" {Reflect rElec rCorr SH+5}
   (You found it in the Dungeon)

   [amulet of reflection]

   It reflects blocked missile attacks.
   rElec:     It insulates you from electricity.
   rCorr:     It protects you from acid and corrosion.
   SH:        It affects your SH (+5).
 o - a ring of poison resistance
 p - the amulet of the Voivode {Faith Will+ Regen+ Str+4}
   (You took it off a skeletal warrior in the Dungeon)

   [amulet of faith]

   It allows you to gain divine favour quickly.
   Str:       It affects your strength (+4).
   Regen:     It increases your rate of health regeneration.
   Will:      It increases your willpower.
 q - the amulet of the Four Winds (around neck) {rN+ Will+++ Clar}
   (You found it in the Dungeon)

   [amulet of nothing]

   rN:        It protects you from negative energy.
   Clar:      It protects you against confusion.
   Will:      It greatly increases your willpower.
 r - an amulet of guardian spirit
 s - the ring of Utojof {rPois Dex+6}
   (You took it off a skeletal warrior in the Dungeon)

   [ring of poison resistance]

   Dex:       It affects your dexterity (+6).
   rPois:     It protects you from poison.
 t - a ring of protection from cold
 B - a ring of flight
 C - a ring of fire
 E - the ring "Kec Cujo" {EV+4 Str+4 SInv}
   (You found it in the Dungeon)

   [ring of evasion]

   EV:        It affects your evasion (+4).
   Str:       It affects your strength (+4).
   SInv:      It lets you see invisible.
 F - the ring "Ylov Oxku" {Fly rElec rF+++ Int-4 Stlth+}
   (You took it off a purple draconian in the Dungeon)

   [ring of flight]

   Int:       It affects your intelligence (-4).
   rF:        It renders you almost immune to fire.
   rElec:     It insulates you from electricity.
   Fly:       It grants you flight.
   Stlth:     It makes you more stealthy.
 G - the ring of False Pretenses {rElec rPois rC+ Stlth+}
   (You found it in the Dungeon)

   [ring of poison resistance]

   rC:        It protects you from cold.
   rElec:     It insulates you from electricity.
   rPois:     It protects you from poison.
   Stlth:     It makes you more stealthy.
 H - the ring "Fugh" (right hand) {rC+ rN+ Will+ Str+2}
   (You found it in the Dungeon)

   [ring of willpower]

   Str:       It affects your strength (+2).
   rC:        It protects you from cold.
   rN:        It protects you from negative energy.
   Will:      It increases your willpower.
 O - the ring "Joxaumec" (left hand) {rF+ Will+ Int+2}
   (You found it in the Dungeon)

   [ring of protection from fire]

   Int:       It affects your intelligence (+2).
   rF:        It protects you from fire.
   Will:      It increases your willpower.
 P - the ring "Oriqi" {rPois rCorr MP+9 Str-4 Int+4 SInv}
   (You found it in the Dungeon)

   [ring of see invisible]

   Str:       It affects your strength (-4).
   Int:       It affects your intelligence (+4).
   rPois:     It protects you from poison.
   MP:        It affects your magic capacity (+9).
   SInv:      It lets you see invisible.
   rCorr:     It protects you from acid and corrosion.
 Q - an amulet of magic regeneration
 R - the ring "Gopuoh" {rF+ Will+ MP-9 Str+6 Int+4}
   (You found it in the Dungeon)

   [ring of strength]

   Str:       It affects your strength (+6).
   Int:       It affects your intelligence (+4).
   rF:        It protects you from fire.
   MP:        It affects your magic capacity (-9).
   Will:      It increases your willpower.
 T - the ring of Lockuxa {rElec rC+ Will- MP+9}
   (You took it off a spriggan air mage in the Dungeon)

   [ring of magical power]

   rC:        It protects you from cold.
   rElec:     It insulates you from electricity.
   MP:        It affects your magic capacity (+9).
   Will:      It decreases your willpower.
 V - a ring of fire
 X - a +4 ring of evasion
 Y - the amulet of Suyl {Faith Harm rElec rF-}
   (You took it off an orc warrior in the Dungeon)

   [amulet of faith]

   It allows you to gain divine favour quickly.
   rF:        It makes you vulnerable to fire.
   rElec:     It insulates you from electricity.
   Harm:      It increases damage dealt and taken.
 Z - the amulet of Vitality {Regen+ HP+15}
   (You found it in the Dungeon)

   [amulet of regeneration]

   HP:        It affects your health (+15).
   Regen:     It increases your rate of health regeneration.
Wands
 y - a wand of mindburst (7)
 z - a wand of iceblast (7)
 A - a wand of acid (7)
Scrolls
 j - 4 scrolls of blinking
 D - 6 scrolls of brand weapon
Potions
 d - 9 potions of might
 e - 10 potions of curing
 f - 16 potions of heal wounds
 g - 21 potions of haste
 h - 5 potions of magic
 i - 3 potions of berserk rage
 u - 2 potions of brilliance
 v - 2 potions of invisibility
 w - 4 potions of resistance
Miscellaneous
 a - a phial of floods
 b - a phantom mirror
 m - a box of beasts
 I - a lightning rod (4/4)
 U - a tin of tremorstones (2/2)


   Skills:
 O Level 27 Fighting
 + Level 23.2 Axes
 O Level 27 Armour
 O Level 27 Shields
 O Level 27 Spellcasting
 + Level 15.3 Fire Magic
 O Level 27 Invocations
 O Level 27 Evocations


You had 72 spell levels left.
You didn't know any spells.
Your spell library contained the following spells:

 Spells                   Type           Power      Damage    Failure   Level
 Foxfire                  Conj/Fire      92%        2x1d8     1%          1
 Scorch                   Fire           70%        2d8       1%          2
 Conjure Flame            Conj/Fire      23%        6-21      1%          3
 Inner Flame              Hex/Fire       23%        N/A       1%          3
 Ignite Poison            Fire/Tmut/Pois 18%        N/A       5%          3
 Flame Wave               Conj/Fire      23%        2d7       7%          4
 Sticky Flame             Conj/Fire      23%        2d4       7%          4
 Animate Skeleton         Necr           20%        N/A       16%         1
 Apportation              Tloc           20%        N/A       16%         1
 Beastly Appendage        Tmut           20%        N/A       16%         1
 Freeze                   Ice            40%        1d6       16%         1
 Magic Dart               Conj           40%        1d5       16%         1
 Pain                     Necr           40%        1d6       16%         1
 Sandblast                Erth           20%        2d7       16%         1
 Shock                    Conj/Air       40%        1d5       16%         1
 Slow                     Hex            40%        N/A       16%         1
 Sting                    Tmut/Pois      40%        1d5       16%         1
 Summon Small Mammal      Summ           40%        N/A       16%         1
 Fireball                 Conj/Fire      11%        3d7       19%         5
 Blink                    Tloc           20%        N/A       22%         2
 Call Imp                 Summ           10%        N/A       22%         2
 Corpse Rot               Necr/Air       20%        N/A       22%         2
 Ensorcelled Hibernation  Hex/Ice        20%        N/A       22%         2
 Passwall                 Tmut/Erth      8%         N/A       22%         2
 Poisonous Vapours        Pois/Air       20%        N/A       22%         2
 Static Discharge         Conj/Air       10%        N/A       22%         2
 Sublimation of Blood     Necr           10%        N/A       22%         2
 Wereblood                Tmut           10%        N/A       22%         2
 Call Canine Familiar     Summ           10%        N/A       41%         3
 Confusing Touch          Hex            10%        N/A       41%         3
 Dazzling Flash           Conj/Hex       20%        N/A       41%         3
 Frozen Ramparts          Ice            20%        1d4       41%         3
 Gell's Gravitas          Tloc           10%        N/A       41%         3
 Lesser Beckoning         Tloc           10%        N/A       41%         3
 Mephitic Cloud           Conj/Pois/Air  10%        N/A       41%         3
 Ozocubu's Armour         Ice            10%        N/A       41%         3
 Portal Projectile        Hex/Tloc       20%        N/A       41%         3
 Spider Form              Tmut/Pois      10%        N/A       41%         3
 Stone Arrow              Conj/Erth      20%        3d8       41%         3
 Summon Guardian Golem    Hex/Summ       10%        N/A       41%         3
 Swiftness                Air            10%        N/A       41%         3
 Teleport Other           Tloc           10%        N/A       41%         3
 Tukima's Dance           Hex            10%        N/A       41%         3
 Vampiric Draining        Necr           10%        2d6       41%         3
 Starburst                Conj/Fire      11%        6d5       71%         6
 Airstrike                Air            5%         N/A       83%         4
 Anguish                  Hex/Necr       5%         N/A       83%         4
 Animate Armour           Summ/Erth      20%        N/A       83%         4
 Animate Dead             Necr           5%         N/A       83%         4
 Cause Fear               Hex            5%         N/A       83%         4
 Dispel Undead            Necr           10%        3d9       83%         4
 Fulminant Prism          Conj/Hex       5%         3d7       83%         4
 Hailstorm                Conj/Ice       10%        3d5       83%         4
 Iskenderun's Mystic Bla  Conj/Tloc      10%        2d4       83%         4
 Leda's Liquefaction      Hex/Erth       5%         N/A       83%         4
 Olgreb's Toxic Radiance  Pois           10%        N/A       83%         4
 Petrify                  Tmut/Erth      10%        N/A       83%         4
 Summon Ice Beast         Ice/Summ       10%        N/A       83%         4
 Summon Lightning Spire   Summ/Air       10%        N/A       83%         4
 Ignition                 Fire           17%        3d7       88%         8
 Agony                    Necr           10%        N/A       99%         5
 Blade Hands              Tmut           5%         N/A       99%         5
 Excruciating Wounds      Necr           5%         N/A       99%         5
 Freezing Cloud           Conj/Ice/Air   5%         6-21      99%         5
 Iskenderun's Battlesphe  Conj           10%        2d6       99%         5
 Lee's Rapid Deconstruct  Erth           5%         3d7*      99%         5
 Lightning Bolt           Conj/Air       5%         1d17      99%         5
 Manifold Assault         Tloc           10%        N/A       99%         5
 Metabolic Englaciation   Hex/Ice        5%         N/A       99%         5
 Silence                  Hex/Air        5%         N/A       99%         5
 Summon Forest            Summ/Tloc      5%         N/A       99%         5
 Summon Mana Viper        Hex/Summ       10%        N/A       99%         5
 Conjure Ball Lightning   Conj/Air       5%         3x3d6     100%        6
 Dispersal                Tloc           5%         N/A       100%        6
 Eringya's Noxious Bog    Tmut/Pois      5%         N/A       100%        6
 Iron Shot                Conj/Erth      5%         9d2       100%        6
 Simulacrum               Ice/Necr       5%         N/A       100%        6
 Statue Form              Tmut/Erth      6%         N/A       100%        6
 Summon Cactus Giant      Summ           5%         N/A       100%        6
 Dragon Form              Tmut           5%         N/A       100%        7
 Enfeeble                 Hex            5%         N/A       100%        7
 Haunt                    Necr/Summ      5%         N/A       100%        7
 Monstrous Menagerie      Summ           5%         N/A       100%        7
 Orb of Destruction       Conj           5%         9d5       100%        7
 Spellforged Servitor     Conj/Summ      5%         N/A       100%        7
 Storm Form               Tmut/Air       5%         N/A       100%        7
 Summon Hydra             Summ           5%         N/A       100%        7
 Borgnjor's Revivificati  Necr           5%         N/A       100%        8
 Discord                  Hex            5%         N/A       100%        8
 Disjunction              Tloc           5%         N/A       100%        8
 Infestation              Necr           5%         N/A       100%        8
 Lehudib's Crystal Spear  Conj/Erth      5%         10d3      100%        8
 Maxwell's Capacitive Co  Air            5%         ∞         100%        8
 Necromutation            Tmut/Necr      5%         N/A       100%        8
 Chain Lightning          Conj/Air       5%         3d6       100%        9
 Death's Door             Necr           5%         N/A       100%        9
 Dragon's Call            Summ           5%         N/A       100%        9
 Fire Storm               Conj/Fire      11%        8d3       100%        9
 Polar Vortex             Ice            5%         N/A       100%        9
 Shatter                  Erth           5%         3d8*      100%        9


Dungeon Overview and Level Annotations

Branches:
Dungeon (1/1)

Altars:
Ashenzari
Cheibriados
Dithmenos
Elyvilon
Fedhas
Gozag
Hepliaklqana
Kikubaaqudgha
Makhleb
Nemelex Xobeh
Okawaru
Qazlal
Ru
Sif Muna
Trog
Uskayaw
Vehumet
Wu Jian
Xom
Yredelemnul
Zin
The Shining One
Beogh
Jiyva
Lugonu


Innate Abilities, Weirdness & Mutations

You are dopey. (Int -2)
Your magical capacity is low. (-10% MP)


Message History

Things that are here:
a +0 whip; a +0 cloak
Items here: )))))) == [[[ |.
Items here: )))) [ }}.
Things that are here:
a +0 war axe; a +0 mace; a +0 war axe
Items here: ))) [.
Things that are here:
a +0 mace; a ring of resist corrosion; a +0 long sword
Things that are here:
a +0 short sword; a +0 cloak
Items here: )) = [.
Things that are here:
a +0 trident; a +0 scimitar Partly explored, unvisited transporter.
Partly explored, unvisited transporter.
Partly explored, unvisited transporter.
Partly explored, unvisited transporter.
Partly explored, unvisited transporter.
Things that are here:
a +0 mace; a ring of resist corrosion; a +0 long sword
Things that are here:
a +0 war axe; a +0 mace; a +0 war axe
Items here: )))) [.
Items here: ) [[[.
There is a transporter here.
You see here a +1 vorpal quarterstaff.
An exit appears before you!
You enter the transporter and appear at another place.
Found the Orb of Zot.
You see here the Orb of Zot.
Found a staircase leading out of the dungeon.
You see here the Orb of Zot.
You pick up the Orb of Zot!
The Orb lets out a hideous shriek!
The lords of Pandemonium are not amused.
Beware!
Now all you have to do is get back out of the dungeon!
There is a transporter landing site here.
There is a transporter landing site here.
There is a staircase leading out of the dungeon here.
You have escaped!

†.....†.....▓..▓.......▓..▓..)8©8
...††.......▓.▓.▓.....▓.▓.▓)..)).
............▓..▓.......▓..▓...)..
....†††.....▓.............▓)....)
....†.......▓..≈.≈.©.....≈▓......
............▓▓▓▓▓▓▓▓▓▓▓▓▓▓▓......
▓.......▓...▓8888888888888▓......
▓▓.....▓▓▓..▓8..○.§......8▓..▓...
▓.......▓...▓8..@.○§..©..8▓.▓....
............▓8....°......8▓....©.
....©.......▓8888888888888▓▓▓▓▓▓▓
▓▓▓▓▓▓▓▓▓▓▓▓▓▓▓▓▓▓▓▓▓▓▓▓▓▓▓▓▓▓▓▓▓
...[.8©8..).....▓...."=).8©8...=.
..}÷.[})}.)..}..▓.}.}....}[|):..)
}}|)).....:)..).▓.[.""....|.|..[.
)|.}).[:.)=.).))▓.|..[......)..[:
.......).).[...÷▓................


There were no monsters in sight!

Vanquished Creatures
  A dread lich (D)
  2 pandemonium lords (D)
  A juggernaut (shapeshifter) (D)
  2 shard shrikes (shapeshifter) (D)
  A caustic shrike (shapeshifter) (D)
  A bone dragon (D)
  2 glowing shapeshifters (D)
  A Brimstone Fiend (D)
  7 electric golems (D)
  A hellephant (D)
  3 searing wretches (D)
  A titan (shapeshifter) (D)
  9 titans (D)
  2 acid blobs (D)
  5 liches (D)
  A quicksilver dragon (D)
  A tentacled starspawn (D)
  An acid blob (shapeshifter) (D)
  11 storm dragons (D)
  A rockslime (shapeshifter) (D)
  2 draconian monks (D)
  2 rockslimes (D)
  2 azure jellies (D)
  7 fire giants (D)
  4 draconian knights (D)
  A ghost moth (shapeshifter) (D)
  An iron dragon (D)
  2 draconian scorchers (D)
  2 draconian shifters (D)
  6 draconian stormcallers (D)
  3 draconian annihilators (D)
  3 ghouls (D)
  7 orc warlords (D)
  A very ugly thing (D)
  3 stone giants (D)
  8 green draconians (D)
  12 white draconians (D)
  13 black draconians (D)
  8 vampire knights (D)
  An eleionoma (shapeshifter) (D)
  12 red draconians (D)
  10 purple draconians (D)
  13 yellow draconians (D)
  3 iron golems (D)
  4 merfolk javelineers (D)
  A deep elf death mage (D)
  3 crystal guardians (D)
  A great orb of eyes (D)
  A yaktaur captain (D)
  A rakshasa (D)
  2 salamander tyrants (D)
  7 spriggan air magi (D)
  A great orb of eyes (shapeshifter) (D)
  3 hydras (D)
  An anaconda (shapeshifter) (D)
  A radroach (shapeshifter) (D)
  A two-headed ogre (shapeshifter) (D)
  2 dancing weapons (D)
  A stoker (D)
  A centaur warrior (D)
  5 hell hogs (D)
  An orc high priest (D)
  2 vampire magi (D)
  A thrashing horror (D)
  A deep elf knight (D)
  3 shock serpents (shapeshifter) (D)
  4 wretched stars (D)
  10 skeletal warriors (D)
  2 sea snakes (shapeshifter) (D)
  A glowing orange brain (shapeshifter) (D)
  A fire crab (shapeshifter) (D)
  4 steelbarb worms (shapeshifter) (D)
  2 deep trolls (shapeshifter) (D)
  2 orb spiders (shapeshifter) (D)
  A death drake (shapeshifter) (D)
  11 starcursed masses (D)
  A shadow demon (D)
  A deep elf archer (D)
  A lindwurm (shapeshifter) (D)
  A swamp dragon (shapeshifter) (D)
  A deep elf zephyrmancer (D)
  5 orc knights (D)
  4 orc sorcerers (D)
  2 harpies (shapeshifter) (D)
  An ugly thing (D)
  4 cyclopes (shapeshifter) (D)
  A faun (shapeshifter) (D)
  4 necromancers (D)
  4 shining eyes (shapeshifter) (D)
  A mana viper (shapeshifter) (D)
  4 wolf spiders (shapeshifter) (D)
  3 cyclopes (D)
  3 shining eyes (D)
  2 worldbinders (D)
  A naga mage (D)
  A guardian serpent (shapeshifter) (D)
  A salamander (shapeshifter) (D)
  A moth of wrath (shapeshifter) (D)
  A guardian serpent (D)
  3 cane toads (D)
  2 eyes of devastation (D)
  A torpor snail (shapeshifter) (D)
  2 eyes of devastation (shapeshifter) (D)
  A water nymph (shapeshifter) (D)
  2 apocalypse crabs (D)
  2 smoke demons (D)
  An orange demon (D)
  17 large abominations (D)
  3 hellions (D)
  2 rime drakes (shapeshifter) (D)
  A freezing wraith (D)
  2 yaktaurs (shapeshifter) (D)
  2 yaktaurs (D)
  2 ancient zymes (D)
  A queen bee (shapeshifter) (D)
  A polar bear (shapeshifter) (D)
  3 trolls (D)
  A troll (shapeshifter) (D)
  10 wind drakes (D)
  2 hornets (D)
  A tyrant leech (shapeshifter) (D)
  A meliai (shapeshifter) (D)
  A tarantella (D)
  A merfolk (shapeshifter) (D)
  5 slime creatures (D)
  2 tarantellas (shapeshifter) (D)
  2 raiju (shapeshifter) (D)
  A raiju (D)
  A blink frog (shapeshifter) (D)
  A dream sheep (shapeshifter) (D)
  2 jumping spiders (shapeshifter) (D)
  A culicivora (shapeshifter) (D)
  2 spriggans (shapeshifter) (D)
  A water elemental (D)
  2 wyverns (shapeshifter) (D)
  5 air elementals (D)
  4 spriggans (D)
  4 ynoxinuls (D)
  A hog (shapeshifter) (D)
  3 yaks (D)
  2 chaos spawn (D)
  2 neqoxecs (D)
  A redback (shapeshifter) (D)
  A human (shapeshifter) (D)
  A naga (shapeshifter) (D)
  3 wargs (D)
  A naga (D)
  2 swamp worms (shapeshifter) (D)
  An acid dragon (shapeshifter) (D)
  2 floating eyes (shapeshifter) (D)
  3 water moccasins (D)
  13 orc warriors (D)
  A sky beast (shapeshifter) (D)
  An ice beast (D)
  A black bear (shapeshifter) (D)
  9 ogres (D)
  2 necrophages (D)
  6 wolves (D)
  12 small abominations (D)
  A centaur (D)
  4 earth elementals (D)
  A scorpion (D)
  3 wights (D)
  A crimson imp (D)
  6 quasits (D)
  2 jellies (D)
  An orc priest (D)
  3 orc wizards (D)
  4 mummies (D)
  2 adders (D)
  2 river rats (D)
  2 white imps (D)
  3 ufetubi (D)
  4 adder zombies (D)
  3 bat skeletons (D)
  A bat zombie (D)
  2 endoplasms (D)
  A hobgoblin (shapeshifter) (D)
  A ball python (D)
  A ball python skeleton (D)
  3 ball python zombies (D)
  A quokka simulacrum (D)
  2 lurking horrors (D)
530 creatures vanquished.

Vanquished Creatures (collateral kills)
  A kobold demonologist (D)
  2 air elementals (D)
  A neqoxec (D)
  A naga (D)
  An orc warrior (D)
6 creatures vanquished.

Vanquished Creatures (others)
  An adder (D)
  A giant cockroach zombie (D)
2 creatures vanquished.

Grand Total: 538 creatures vanquished

Notes
Turn   | Place    | Note
-------+----------+-------------------------------------------
     0 | D        | iguanaiguana the Hill Orc Fighter began the quest for the
                  | Orb.
     0 | D        | Reached XP level 1. HP: 19/19 MP: 1/1
     0 | D        | Found a blossoming altar of Fedhas.
     0 | D        | Found the +6 Majin-Bo {vamp, MP+6 Int+6}
     0 | D        | Found the +9 heavy crossbow "Sniper" {vorpal, Acc+∞ SInv}
     0 | D        | Found the +10 dark maul {vorpal}
     0 | D        | Found the +15 Maxwell's patent armour {-Cast -Tele rElec
                  | Will+ rCorr}
     0 | D        | Found the +18 shield of the Gong {rElec rN+ Will+ EV-5}
     0 | D        | Found the +14 obsidian axe {vorpal, Mesm Drain Fly SInv}
     0 | D        | Found the +7 great mace "Firestarter" {inner flame, rF++}
     0 | D        | Found the +6 shillelagh "Devastator" {shatter}
     0 | D        | Found the +11 plutonium sword {Contam Stlth-}
     0 | D        | Found the +8 lance "Wyrmbane" {slay drac, rPois rF+ rC+
                  | AC+3}
     0 | D        | Found the +9 sword of Zonguldrok {reap}
     0 | D        | Found the +13 scythe of Curses {drain, Drain}
     0 | D        | Found the +5 sword of Power {vorpal}
     0 | D        | Found the +7 mace of Variability {chain chaos}
     0 | D        | Found the +7 Singing Sword {vorpal, sonic wave}
     0 | D        | Found the +8 storm bow {elec, penet}
     6 | D        | Found a viscous altar of Jiyva.
     6 | D        | Found a hazy altar of Hepliaklqana.
     6 | D        | Found a transporter.
     6 | D        | Found an opulent altar of Gozag.
     6 | D        | Found an ancient bone altar of Kikubaaqudgha.
     6 | D        | Found a corrupted altar of Lugonu.
    10 | D        | Found a burning altar of Makhleb.
    11 | D        | Found a sacrificial altar of Ru.
    11 | D        | Found a stormy altar of Qazlal.
    11 | D        | Found a shimmering blue altar of Sif Muna.
    11 | D        | Found an iron altar of Okawaru.
    11 | D        | Found a bloodstained altar of Trog.
    11 | D        | Found a sparkling altar of Nemelex Xobeh.
    60 | D        | Became a worshipper of Qazlal Stormbringer
   106 | D        | Reached XP level 2. HP: 26/26 MP: 2/2
   107 | D        | Entered arena 2.
   107 | D        | Noticed a scorpion
   107 | D        | Noticed a tarantella
   107 | D        | Found a transporter.
   111 | D        | Killed a tarantella
   111 | D        | Killed a scorpion
   112 | D        | Reached skill level 5 in Invocations
   112 | D        | Reached XP level 3. HP: 23/38 MP: 2/7
   112 | D        | Reached XP level 4. HP: 27/45 MP: 2/8
   112 | D        | Reached XP level 5. HP: 31/51 MP: 2/9
   112 | D        | Reached XP level 6. HP: 35/58 MP: 2/10
   237 | D        | Entered arena 3.
   237 | D        | Found a transporter.
   239 | D        | Reached * piety under Qazlal
   251 | D        | Entered arena 4.
   251 | D        | Noticed a necrophage
   251 | D        | Noticed a necrophage
   251 | D        | Found a transporter.
   256 | D        | Reached ** piety under Qazlal
   256 | D        | Killed a necrophage
   257 | D        | Reached XP level 7. HP: 59/66 MP: 10/12
   268 | D        | Entered arena 5.
   268 | D        | Found the +8 trident of the Octopus King {venom, rElec
                  | rPois}
   268 | D        | Noticed a naga
   268 | D        | Noticed a purple ugly thing
   268 | D        | Noticed a wyvern
   268 | D        | Found a transporter.
   271 | D        | Killed a wyvern
   272 | D        | Reached skill level 10 in Axes
   274 | D        | Reached *** piety under Qazlal
   276 | D        | Killed a purple ugly thing
   277 | D        | Reached skill level 10 in Armour
   277 | D        | Reached skill level 10 in Shields
   277 | D        | Reached XP level 8. HP: 39/78 MP: 12/14
   447 | D        | Entered arena 6.
   447 | D        | Found a transporter.
   450 | D        | Reached **** piety under Qazlal
   468 | D        | Entered arena 7.
   468 | D        | Noticed a shining eye
   468 | D        | Noticed a shining eye
   468 | D        | Noticed a raiju
   468 | D        | Noticed a shining eye
   471 | D        | Killed a raiju
   471 | D        | Reached ***** piety under Qazlal
   472 | D        | Found a transporter.
   473 | D        | Gained mutation: You are dopey. (Int -2) [a shining eye]
   473 | D        | Gained mutation: You are very dopey. (Int -4) [a shining
                  | eye]
   474 | D        | Killed a shining eye
   475 | D        | Reached skill level 15 in Axes
   475 | D        | Reached XP level 9. HP: 81/85 MP: 14/16
   475 | D        | Gained mutation: Your magical capacity is low. (-10% MP) [a
                  | shining eye]
   476 | D        | Lost mutation: You are very dopey. (Int -4) [a shining eye]
   478 | D        | Killed a shining eye
   479 | D        | Reached skill level 10 in Fighting
   479 | D        | Reached skill level 10 in Invocations
   480 | D        | Killed a shining eye
   485 | D        | Got the Tome of the Compass and Ice
   499 | D        | Entered arena 8.
   499 | D        | Noticed a wind drake
   499 | D        | Noticed a wind drake
   499 | D        | Paralysed by an air elemental for 1 turns
   502 | D        | Reached XP level 10. HP: 68/97 MP: 9/17
   502 | D        | Found a transporter.
   509 | D        | Reached ****** piety under Qazlal
   797 | D        | Entered arena 9.
   797 | D        | Noticed a naga mage
   798 | D        | Found a transporter.
   804 | D        | Killed a naga mage
   839 | D        | Entered arena 10.
   839 | D        | Noticed a spriggan rider
   839 | D        | Noticed a spriggan rider
   840 | D        | Killed a spriggan rider
   841 | D        | Found a transporter.
   863 | D        | Got the ring "Joxaumec" {rF+ Will+ Int+2}
   877 | D        | Entered arena 11.
   877 | D        | Noticed a deep elf zephyrmancer
   877 | D        | Noticed a +3 scimitar of draining
   877 | D        | Noticed a +2 antimagic dire flail
   877 | D        | Noticed a deep elf knight
   877 | D        | Noticed a deep elf death mage
   877 | D        | Noticed a deep elf archer
   878 | D        | Killed a +3 scimitar of draining
   878 | D        | Killed a deep elf archer
   878 | D        | Killed a +2 antimagic dire flail
   878 | D        | Killed a deep elf knight
   878 | D        | Killed a deep elf zephyrmancer
   878 | D        | Killed a deep elf death mage
   879 | D        | Reached XP level 11. HP: 105/105 MP: 8/23
   960 | D        | Found a transporter.
   967 | D        | Got the amulet of Xaraprent {Spirit rCorr Str+3 Dex+4}
   976 | D        | Got the ring of the Traitor {*Slow Will+++ EV+4 Str+3}
   988 | D        | Entered arena 12.
   988 | D        | Noticed a quicksilver dragon
   988 | D        | Noticed a crystal guardian
   988 | D        | Noticed an iron golem
   988 | D        | Noticed an iron golem
   988 | D        | Noticed a crystal guardian
   988 | D        | Noticed a crystal guardian
   988 | D        | Noticed an iron golem
   989 | D        | Noticed an iron dragon
   990 | D        | Killed a crystal guardian
   990 | D        | Killed a quicksilver dragon
   990 | D        | Killed an iron dragon
   990 | D        | Killed a crystal guardian
   990 | D        | Killed a crystal guardian
   991 | D        | Reached XP level 12. HP: 113/113 MP: 15/26
   991 | D        | Found a transporter.
   996 | D        | Killed an iron golem
  1001 | D        | Killed an iron golem
  1010 | D        | Killed an iron golem
  1011 | D        | Reached skill level 27 in Invocations
  1021 | D        | Got the ring "Fion" {rPois MP+9 Str-5 Dex-5 Slay+4}
  1029 | D        | Got the ring "Gopuoh" {rF+ Will+ MP-9 Str+6 Int+4}
  1194 | D        | Entered arena 13.
  1194 | D        | Noticed a purple draconian
  1194 | D        | Noticed a yellow draconian
  1194 | D        | Noticed a red draconian
  1194 | D        | Noticed a black draconian
  1194 | D        | Noticed a yellow draconian
  1194 | D        | Noticed a white draconian
  1194 | D        | Noticed a red draconian
  1195 | D        | Noticed a black draconian
  1195 | D        | Noticed a red draconian
  1195 | D        | Noticed a yellow draconian
  1195 | D        | Noticed a black draconian
  1196 | D        | Killed a red draconian
  1196 | D        | Killed a black draconian
  1196 | D        | Killed a yellow draconian
  1196 | D        | Killed a red draconian
  1196 | D        | Killed a purple draconian
  1196 | D        | Killed a yellow draconian
  1196 | D        | Killed a yellow draconian
  1196 | D        | Killed a red draconian
  1196 | D        | Killed a black draconian
  1196 | D        | Killed a white draconian
  1196 | D        | Killed a black draconian
  1197 | D        | Reached skill level 15 in Fighting
  1197 | D        | Reached skill level 15 in Shields
  1197 | D        | Reached XP level 13. HP: 92/126 MP: 4/27
  1197 | D        | Found a transporter.
  1306 | D        | Entered arena 14.
  1307 | D        | Noticed a lich
  1307 | D        | Noticed a lich
  1308 | D        | Identified the +5 arbalest "Obymok" {vorpal, Str+3 Dex+3}
  1308 | D        | Noticed a vampire knight
  1308 | D        | Found the necklace of Bloodlust {*Rage Will++ Int-3 Slay+6}
  1309 | D        | Killed a vampire knight
  1309 | D        | Killed a lich
  1309 | D        | Killed a lich
  1310 | D        | Found a transporter.
  1359 | D        | Entered arena 15.
  1363 | D        | Found a transporter.
  1447 | D        | Entered arena 16.
  1447 | D        | Noticed a merfolk javelineer
  1447 | D        | Noticed a stone giant
  1448 | D        | Noticed a stone giant
  1448 | D        | Identified the +9 scimitar of the Six Youths {spect, rPois
                  | rC+ Will- Str+5}
  1448 | D        | Noticed a yaktaur captain
  1448 | D        | Noticed a merfolk javelineer
  1448 | D        | Found the amulet of the Air {Inacc Air Fly rElec RMsl}
  1448 | D        | Identified the +12 war axe "Ogreslayer" {vorpal, rC+}
  1449 | D        | Killed a merfolk javelineer
  1449 | D        | Killed a stone giant
  1449 | D        | Killed a yaktaur captain
  1449 | D        | Killed a merfolk javelineer
  1449 | D        | Killed a merfolk javelineer
  1449 | D        | Killed a merfolk javelineer
  1449 | D        | Killed a stone giant
  1450 | D        | Reached XP level 14. HP: 109/144 MP: 10/28
  1451 | D        | Found a transporter.
  1556 | D        | Got Cifuden's Compendium of the Volcanoes
  1578 | D        | Entered arena 17.
  1580 | D        | Noticed a white draconian
  1580 | D        | Noticed a white draconian stormcaller
  1580 | D        | Noticed a white draconian
  1580 | D        | Noticed a green draconian
  1580 | D        | Identified the +4 trident "Peewoc" {drain, Int+2 Stlth+}
  1580 | D        | Noticed a white draconian
  1580 | D        | Noticed a red draconian
  1580 | D        | Identified the ring "Ylov Oxku" {Fly rElec rF+++ Int-4
                  | Stlth+}
  1580 | D        | Noticed a purple draconian
  1581 | D        | Noticed a white draconian
  1581 | D        | Noticed a white draconian
  1581 | D        | Noticed a black draconian
  1581 | D        | Noticed a black draconian
  1581 | D        | Noticed a red draconian
  1581 | D        | Noticed a purple draconian
  1582 | D        | Killed a red draconian
  1582 | D        | Killed a white draconian stormcaller
  1582 | D        | Killed a white draconian
  1582 | D        | Killed a white draconian
  1582 | D        | Killed a purple draconian
  1582 | D        | Killed a red draconian
  1582 | D        | Killed a black draconian
  1582 | D        | Killed a white draconian
  1582 | D        | Killed a purple draconian
  1582 | D        | Killed a white draconian
  1582 | D        | Killed a black draconian
  1582 | D        | Killed a green draconian
  1582 | D        | Noticed a yellow draconian
  1582 | D        | Noticed a black draconian
  1584 | D        | Found a transporter.
  1587 | D        | Killed a white draconian
  1589 | D        | Killed a black draconian
  1590 | D        | Killed a yellow draconian
  1625 | D        | Got the +0 pair of gloves "Yticu" {Harm Fly SInv}
  1646 | D        | Entered arena 18.
  1648 | D        | Noticed an acid blob
  1648 | D        | Noticed an azure jelly
  1648 | D        | Noticed an acid blob
  1648 | D        | Noticed a rockslime
  1648 | D        | Noticed a rockslime
  1649 | D        | Noticed an azure jelly
  1650 | D        | Killed an acid blob
  1650 | D        | Killed an azure jelly
  1650 | D        | Killed an azure jelly
  1650 | D        | Killed a rockslime
  1650 | D        | Killed a rockslime
  1650 | D        | Killed an acid blob
  1653 | D        | Found a transporter.
  1662 | D        | Got the ring "Fugh" {rC+ rN+ Will+ Str+2}
  1663 | D        | Got the +0 cloak of Tomorrow {rC+ Str-3 Slay+5}
  1700 | D        | Got the ring "Rainehe" {Fire rCorr Str+6}
  1711 | D        | Entered arena 19.
  1753 | D        | Reached XP level 15. HP: 88/158 MP: 11/29
  1758 | D        | Found a transporter.
  1949 | D        | Got the amulet of Wu Jian's Wrath {Reflect Fly Will+ Int+2
                  | SH+5 Stlth-}
  1977 | D        | Entered arena 20.
  1981 | D        | Noticed a fire giant
  1981 | D        | Noticed a Brimstone Fiend
  1981 | D        | Noticed a searing wretch
  1981 | D        | Noticed a dread lich
  1981 | D        | Noticed a searing wretch
  1981 | D        | Noticed a fire giant
  1981 | D        | Noticed a fire giant
  1982 | D        | Killed a searing wretch
  1982 | D        | Noticed a searing wretch
  1982 | D        | Noticed a fire giant
  1982 | D        | Noticed a hellephant
  1982 | D        | Noticed a fire giant
  1983 | D        | Noticed an Executioner
  1983 | D        | Killed a Brimstone Fiend
  1983 | D        | Killed a fire giant
  1983 | D        | Killed a fire giant
  1983 | D        | Killed a hellephant
  1983 | D        | Killed a fire giant
  1983 | D        | Killed a dread lich
  1983 | D        | Killed a searing wretch
  1983 | D        | Killed a fire giant
  1983 | D        | Killed a fire giant
  1984 | D        | Noticed a fire giant
  1986 | D        | Noticed a fire giant
  1987 | D        | Found a transporter.
  1989 | D        | Killed a fire giant
  1989 | D        | Killed a fire giant
  1989 | D        | Killed a searing wretch
  2125 | D        | Got the +5 scimitar of the Last Defenders {freeze, rC+ rN+
                  | Int+4 Stlth+}
  2166 | D        | Entered arena 21.
  2171 | D        | Noticed Rior the pandemonium lord
  2172 | D        | Reached skill level 27 in Armour
  2172 | D        | Noticed a bone dragon
  2180 | D        | Killed Rior the pandemonium lord
  2181 | D        | Reached skill level 27 in Fighting
  2181 | D        | Reached XP level 16. HP: 107/183 MP: 2/30
  2182 | D        | Killed a bone dragon
  2183 | D        | Reached skill level 5 in Evocations
  2184 | D        | Found a transporter.
  2378 | D        | Got the amulet of Giegh {Fly rF- Regen+ Str+3}
  2454 | D        | Entered arena 22.
  2458 | D        | Noticed a rockslime
  2458 | D        | Noticed a rockslime
  2459 | D        | Killed a rockslime
  2461 | D        | Noticed a titan
  2463 | D        | Noticed a shard shrike
  2463 | D        | a rockslime changed into a shard shrike
  2464 | D        | Noticed a juggernaut
  2464 | D        | a shard shrike changed into a juggernaut
  2467 | D        | Killed a juggernaut
  2475 | D        | Killed a titan
  2592 | D        | Found a transporter.
  2603 | D        | Got the ring of Etoecag {Fire Will+ Stlth+}
  2607 | D        | Got the amulet "Gac Weig" {Spirit Str+5}
  2641 | D        | Got the amulet "Sobawn" {Reflect rElec rCorr SH+5}
  2657 | D        | Entered arena 23.
  2662 | D        | Identified the amulet of the Voivode {Faith Will+ Regen+
                  | Str+4}
  2662 | D        | Identified the +8 rapier "Deumum" {venom, rN+ Int+7}
  2663 | D        | Noticed a lich
  2664 | D        | Killed a lich
  2665 | D        | Reached skill level 27 in Shields
  2665 | D        | Noticed a lich
  2665 | D        | Noticed a lich
  2667 | D        | Found a transporter.
  2681 | D        | Killed a lich
  2681 | D        | Identified the ring "Cedi" {Will+ rCorr Str-4 Slay+5
                  | Stlth+}
  2685 | D        | Killed a lich
  2690 | D        | Reached XP level 17. HP: 179/191 MP: 16/31
  2721 | D        | Found the amulet of the Four Winds {rN+ Will+++ Clar}
  2747 | D        | Got Naipne's Reference Book on the Snowflakes
  2756 | D        | Got the ring of Utojof {rPois Dex+6}
  2787 | D        | Entered arena 24.
  2792 | D        | Noticed a tentacled starspawn
  2792 | D        | Noticed Jutrojuk the pandemonium lord
  2793 | D        | Killed a tentacled starspawn
  2794 | D        | Found the +4 moon troll leather armour {Spirit, Regen++
                  | MP+5}
  2795 | D        | Killed Jutrojuk the pandemonium lord
  2947 | D        | Found the +3 Elemental Staff {rElec rF++ rC++ AC+5}
  2948 | D        | Found a transporter.
  2963 | D        | Got the ring "Kec Cujo" {EV+4 Str+4 SInv}
  2965 | D        | Got the ring of False Pretenses {rElec rPois rC+ Stlth+}
  2967 | D        | Got the ring "Oriqi" {rPois rCorr MP+9 Str-4 Int+4 SInv}
  2992 | D        | Entered arena 25.
  2997 | D        | Noticed an electric golem
  2998 | D        | Noticed an electric golem
  2998 | D        | Noticed an electric golem
  2998 | D        | Noticed a titan
  2998 | D        | Noticed a titan
  2998 | D        | Noticed a titan
  2998 | D        | Noticed a titan
  2998 | D        | Noticed an electric golem
  2999 | D        | Killed an electric golem
  2999 | D        | Killed a titan
  2999 | D        | Noticed an electric golem
  2999 | D        | Noticed a titan
  3000 | D        | Killed a titan
  3000 | D        | Killed a titan
  3000 | D        | Killed an electric golem
  3000 | D        | Noticed a titan
  3001 | D        | Identified the +6 morningstar "Zarr" {pain, rN+ Int+4}
  3001 | D        | Noticed a titan
  3002 | D        | Noticed a titan
  3002 | D        | Noticed an electric golem
  3002 | D        | Noticed an electric golem
  3002 | D        | Found the +8 autumn katana {vorpal, manifold assault}
  3002 | D        | Found the +8 glaive of the Guard {elec, spectral, AC+5}
  3002 | D        | Noticed a titan
  3005 | D        | Killed an electric golem
  3005 | D        | Killed an electric golem
  3005 | D        | Killed a titan
  3005 | D        | Killed an electric golem
  3005 | D        | Killed a titan
  3005 | D        | Killed a titan
  3005 | D        | Killed a titan
  3005 | D        | Killed a titan
  3005 | D        | Killed an electric golem
  3005 | D        | Killed a titan
  3006 | D        | Reached skill level 27 in Evocations
  3006 | D        | Reached XP level 18. HP: 41/200 MP: 14/32
  3011 | D        | Killed an electric golem
  3012 | D        | Reached skill level 15 in Spellcasting
  3019 | D        | Found a transporter.
  3025 | D        | Got the ring of Lockuxa {rElec rC+ Will- MP+9}
  3027 | D        | Got the Guide on Earthen Evil Arts
  3044 | D        | Got the Handbook of Cold
  3055 | D        | Got Seum's Catalogue of Battle Magic
  3424 | D        | Entered arena 26.
  3432 | D        | Identified the ring of Past Mistakes {Fire Dex+2}
  3433 | D        | Identified the +0 ring mail "Earthly Heaven" {rPois Dex+4}
  3623 | D        | Found a transporter.
  3640 | D        | Got Sif Muna's Incunabulum of the Volcanoes and Earth
  3655 | D        | Got the amulet of Suyl {Faith Harm rElec rF-}
  3700 | D        | Entered arena 27.
  3708 | D        | Identified the +5 shortbow of Givuuc {freeze, rN+}
  3708 | D        | Noticed a shard shrike
  3709 | D        | Found the +5 scythe "Finisher" {speed, eviscerate}
  3710 | D        | Killed a shard shrike
  3711 | D        | Noticed a juggernaut
  3711 | D        | Identified the +5 morningstar "Rynull" {venom, Fly rElec}
  3711 | D        | Found the amulet of Vitality {Regen+ HP+15}
  3713 | D        | Noticed a golden dragon
  3713 | D        | Noticed a caustic shrike
  3713 | D        | a golden dragon changed into a caustic shrike
  3713 | D        | Noticed a shard shrike
  3713 | D        | a glowing shapeshifter changed into a shard shrike
  3714 | D        | Found the +8 Wrath of Trog {antimagic, *Rage Rampage}
  3715 | D        | Killed a shard shrike
  3715 | D        | Killed a caustic shrike
  3716 | D        | Found a transporter.
  3717 | D        | a juggernaut changed into an acid blob
  3719 | D        | Noticed a caustic shrike
  3719 | D        | a rockslime changed into a caustic shrike
  3720 | D        | a caustic shrike changed into an eleionoma
  3877 | D        | Got Geibar's Guide on Evil Transmutation
  3956 | D        | Entered arena 28.
  3966 | D        | Identified the ring "Acoc" {rCorr Int+3}
  3966 | D        | Identified the +5 hand axe "Zabradgh" {drain, rF+ rC+ Int-4
                  | SInv}
  3968 | D        | Reached XP level 19. HP: 205/207 MP: 33/43
  3968 | D        | Identified the +7 broad axe of Yschaharch {venom, Fly rPois
                  | Dex+3}
  3968 | D        | Found the +7 lajatang of Order {silver, rMut}
  3970 | D        | Reached skill level 27 in Spellcasting
  3970 | D        | Identified the ring of Ru's Benevolence {Ice rN+ Will+}
  3972 | D        | Found the +6 arbalest "Damnation" {damnation}
  3973 | D        | Found a transporter.
  4003 | D        | Reached skill level 15 in Fire Magic
  4412 | D        | Got Qatir's Catalogue of the Captivating Entourage
  4480 | D        | Got the Orb of Zot
  4503 | D        | Escaped with the Orb!

Illustrated notes

Levels and vault maps discovered:
D:        sprint_v [room_start, room_1, room_2, room_3, room_4, room_5, room_6,
          room_7, room_8, room_9, room_10, room_11, room_12, room_13, room_14,
          room_15, room_16, room_17, room_18, room_19, room_20, room_21,
          room_22, room_23, room_24, room_25, room_26, room_27]

Skill      XL: |  1  2  3  4  5  6  7  8  9 10 11 12 13 14 15 16 17 18 19 |
---------------+----------------------------------------------------------+-----
Armour         | 6 8 9 10 11 14 18 22 27 | 27.0
Shields        | 6 8 9 10 11 12 15 19 22 23 27 | 27.0
Fighting       | 6 7 9 11 12 15 18 21 27 | 27.0
Axes           | 7 8 12 15 16 23 | 23.2
Invocations    | 5 6 8 9 12 22 25 27 | 27.0
Evocations     | 3 20 27 | 27.0
Spellcasting   | 14 25 27 | 27.0
Fire Magic     | 15 | 15.3

Action                   |  1- 3 |  4- 6 |  7- 9 | 10-12 | 13-15 | 16-18 | 19-21 || total
-------------------------+-------+-------+-------+-------+-------+-------+-------++-------
Melee: Broad axe         |     3 |     6 |    23 |    32 |    12 |    96 |    31 ||   203
Invok: Upheaval          |       |       |     2 |       |     2 |       |       ||     4
       Disaster Area     |       |       |       |     4 |    12 |    16 |     2 ||    34
  Use: Potion            |     1 |       |       |       |     1 |     3 |       ||     5
       Scroll            |       |       |       |       |       |     4 |       ||     4
 Stab: Distracted        |       |       |       |       |       |     1 |       ||     1
Armor: Gold dragon scale |     3 |     4 |    10 |    10 |     7 |    24 |     6 ||    64
Dodge: Dodged            |     1 |       |       |     2 |       |     4 |     1 ||     8
       Repelled          |       |       |       |       |       |     2 |     1 ||     3
Block: Kite shield       |     4 |    12 |    29 |    46 |    23 |   134 |    32 ||   280

Table legend: (Time is in decaauts)
 A = Elapsed time spent in this place.
 B = Non-inter-level travel time spent in this place.
 C = Inter-level travel time spent in this place.
 D = Time resting spent in this place.
 E = Time spent auto-exploring this place.
 F = Levels seen in this place.
 G = Mean time per level.
                   A        B        C        D        E       F      G
               +--------+--------+--------+--------+--------+-----+--------+
         Total |   4478 |   4347 |    131 |    990 |   2062 |   1 | 4478.0 |
       Dungeon |   4478 |   4347 |    131 |    990 |   2062 |   1 | 4478.0 |
               +--------+--------+--------+--------+--------+-----+--------+

Top non-repeatable levels by time:
       D: 4478 daAuts
